[Event "*** Titled Tuesday Blitz"]
[Site "Chess.com"]
[Date "2020.10.27"]
[Round "3"]
[White "Euge_chess"]
[Black "Nemsko"]
[Result "0-1"]
[WhiteElo "2095"]
[BlackElo "2352"]
[TimeControl "180+1"]
[EndTime "10:28:21 PDT"]
[Termination "Nemsko won on time"]

1. e4 c5 2. c3 d5 3. exd5 Qxd5 4.
d4 cxd4 5. cxd4 Nc6 6. Nf3 Bg4 7. Be2 e6 8. Nc3 Bb4 9. O-O Qd8 10. Be3 Nf6 11.
a3 Bxc3 12. bxc3 O-O 13. Qb3 b6 14. Rfd1 Na5 15. Qb2 Rc8 16. Bg5 h6 17. Bh4 Qd5 18. Bxf6 gxf6 19. Qd2 Kg7 20. Qf4 Bf5 21. Nh4 Bg6 22.
Bf3 Qg5 23. Nxg6 fxg6 24. Qxg5 hxg5 25. Rac1 Rfd8 26. d5 exd5 27. Rxd5 Rxd5 28. Bxd5 Rc5 29.
Ba2 Nc6 30. Kf1 Ra5 31. Rd1 Rxa3 32. Rd7+ Kh6 33. Bd5 Ne5 34. Re7 a5 35. Bg8 g4 36.
h3 gxh3 37. gxh3 Rxc3 38. h4 Kh5 39. Rh7+ Kg4 40. Kg2 a4 41. Be6+ Kf4 42. Rg7 a3 0-1

[Event "*** Titled Tuesday Blitz"]
[Site "Chess.com"]
[Date "2020.10.27"]
[Round "3"]
[White "eljanov"]
[Black "Shubinkirill2003"]
[Result "1/2-1/2"]
[WhiteElo "2876"]
[BlackElo "2674"]
[TimeControl "180+1"]
[EndTime "10:28:22 PDT"]
[Termination "Game drawn by repetition"]

1. Nf3 Nf6 2. c4 b6 3. Nc3 Bb7 4. d4 e6 5. a3 Ne4 6. Nxe4 Bxe4 7. Nd2 Bb7 8. e4 g6 9. Bd3 Bg7 10. Nf3 d6 11. Bg5 Qd7 12. Qd2 h6 13. Be3 Nc6 14. O-O g5 15. d5 Ne5 16. Nxe5 dxe5 17. Rad1 O-O 18. Qc2 c6 19. dxc6 Qxc6 20. b4 Rad8 21. f3 Rd7 22. Be2 Rfd8 23. c5 bxc5 24. Qxc5 Qxc5 25.
Bxc5 a6 26. Rxd7 Rxd7 27. Rd1 Rxd1+ 28. Bxd1 Bf8 29. Bxf8 Kxf8 30. Kf2 Ke7 31. Ke3 Kd6 32. Be2 f5 33. a4 f4+ 34. Kd3 Bc6 35. Kc3 Bxa4 36.
Bxa6 Kc6 37. Bc4 Kd6 38. Kb2 Bd1 39. Kc1 Ba4 40. Kd2 h5 41. Be2 h4 42. Kc3 Kc6 43.
Ba6 Kb6 44. Bc8 Bb5 45. Bxe6 Bf1 46. Bg4 Kb5 47. Bd7+ Kb6 48. Bh3 Kb5 49. Kb3 Bc4+ 50. Ka3 Bf1 51. Bd7+ Kb6 52. Bh3 Kb5 53. Kb3 Bc4+ 54.
Kc3 Bf1 55. Bd7+ Kb6 56. Bg4 Kb5 57. Bd7+ 1/2-1/2

[Event "*** Titled Tuesday Blitz"]
[Site "Chess.com"]
[Date "2020.10.27"]
[Round "3"]
[White "zverr1"]
[Black "German_Bazeev"]
[Result "1/2-1/2"]
[WhiteElo "2461"]
[BlackElo "2769"]
[TimeControl "180+1"]
[EndTime "10:28:22 PDT"]
[Termination "Game drawn by agreement"]

1. d4 Nf6 2. c4 e6 3. Nc3 Bb4 4. Nf3 d5 5. Qa4+ Nc6 6. Ne5 Bxc3+ 7. bxc3 O-O 8. Ba3 Re8 9. Nxc6 bxc6 10. e3 Ne4 11. Bd3 Nxc3 12. Qc2 Ne4 13. Bxe4 dxe4 14. Qxe4 Qd7 15. Bc5 Ba6 16. Rc1 e5 17. O-O exd4 18. Qxd4 Qf5 19. Rfd1 h5 20. Ba3 Re4 21. Qd3 Qe6 22. Bb2 f6 23. Qd7 Bxc4 24. Qxe6+ Bxe6 25. Rxc6 Bxa2 26. Rxc7 Rg4 27. h3 Rg6 28. Rdd7 a5 29.
Ra7 Rxa7 30. Rxa7 Rg5 31. Bc3 Rc5 32. Rxa5 Rxa5 33. Bxa5 Kf7 34. Kh2 g5 35. Bc3 f5 36.
h4 g4 37. Kg3 Kg6 38. Kf4 Bd5 39. f3 gxf3 40. gxf3 Bb7 41. e4 fxe4 42. fxe4 Kf7 43.
Ke5 Ba8 44. Bd2 Bb7 45. Bg5 Ba8 46. Kf5 Bb7 47. e5 Bd5 48. Bf6 Be6+ 49. Kg5 Bg4 50.
Kf4 Ke6 51. Ke4 Bd1 52. Kf4 Bg4 1/2-1/2

[Event "*** Titled Tuesday Blitz"]
[Site "Chess.com"]
[Date "2020.10.27"]
[Round "3"]
[White "capatl"]
[Black "Michaelson_11"]
[Result "1-0"]
[WhiteElo "2493"]
[BlackElo "2114"]
[TimeControl "180+1"]
[EndTime "10:28:24 PDT"]
[Termination "capatl won on time"]

1. c4 Nf6 2. Nc3 g6 3. g3 Bg7 4. Bg2 O-O 5. e3 d6 6. Nge2 c6 7. O-O e5 8. d4 Nbd7 9. b3 Re8 10.
dxe5 Nxe5 11. Bb2 Be6 12. h3 Qd7 13. Nf4 Rad8 14. Qd2 g5 15. Nxe6 Qxe6 16. f4 gxf4 17. exf4 Ned7 18. Rae1 Qf5 19. Qxd6 Qc5+ 20. Qxc5 Nxc5 21.
Rxe8+ Nxe8 22. Rd1 Nd3 23. Na4 b5 24. Bxg7 bxa4 25. Bc3 axb3 26. axb3 Rd6 27. b4 c5 28. b5 Nb4 29. Ra1 Nc2 30. Rxa7 Nf6 31. Ra8+ Kg7 32.
Rc8 Rd1+ 33. Kf2 Rb1 34. Rc6 Nd4 35. Rxc5 Rd1 36. Bf3 Rd3 37. Bxd4 Rxd4 38. b6 Rd2+ 39. Ke3 Rb2 40. Rb5 Rxb5 41. cxb5 Nd7 42. b7 Nb8 43. Ke4 Kf6 44. Kd5 Ke7 45. Kc5 Kd7 46. Kb6 Kd8 47. Bc6 f6 48. Ka7 Kc7 49. Be8 Kd8 50.
Kxb8 1-0

[Event "*** Titled Tuesday Blitz"]
[Site "Chess.com"]
[Date "2020.10.27"]
[Round "3"]
[White "Gogolev_Artemy"]
[Black "ajedrezhoy"]
[Result "1-0"]
[WhiteElo "2515"]
[BlackElo "2239"]
[TimeControl "180+1"]
[EndTime "10:28:25 PDT"]
[Termination "Gogolev_Artemy won on time"]

1. Nf3 c5 2. c4 Nc6 3. d4 cxd4 4. Nxd4 Nf6 5. Nc3 g6 6. e4 Nxd4 7. Qxd4 d6 8. Be3 Bg7 9. Be2 O-O 10. Qd3 a6 11. O-O Be6 12. h3 Nd7 13. Rfd1 Ne5 14. Qd2 Nxc4 15. Bxc4 Bxc4 16. Rac1 Rc8 17. Bd4 Bxd4 18.
Qxd4 Be6 19. h4 Qa5 20. g3 Qc5 21. Qd2 Qe5 22. Rc2 f5 23. exf5 Bxf5 24. Rcc1 Qg7 25. Re1 Kh8 26. Qg5 e5 27. Rcd1 Rc6 28. Nd5 h6 29.
Qd2 Bg4 30. Rc1 Rfc8 31. Rxc6 Rxc6 32. Nb4 Rb6 33. Nd5 Rb5 34. Ne3 Bf3 35. Qxd6 Rxb2 36.
Rc1 Bc6 37. Nc4 Rxa2 38. Nxe5 Kh7 39. Nxc6 bxc6 40. Rxc6 Ra1+ 41. Kg2 Qb7 42. Kh2 1-0

[Event "*** Titled Tuesday Blitz"]
[Site "Chess.com"]
[Date "2020.10.27"]
[Round "3"]
[White "nitpicker"]
[Black "DanielDardha2005"]
[Result "0-1"]
[WhiteElo "2265"]
[BlackElo "2633"]
[TimeControl "180+1"]
[EndTime "10:28:25 PDT"]
[Termination "DanielDardha2005 won on time"]

1. d4 Nf6 2. c4 e6 3. g3 c5 4. d5 exd5 5. cxd5 d6 6. Nc3 g6 7. Nf3 Bg7 8. Nd2 O-O 9. Nc4 Qe7 10. Bf4 Rd8 11. Bg2 Nh5 12. Bd2 Nd7 13. O-O Ne5 14.
Nxe5 Qxe5 15. e4 b5 16. Nxb5 Ba6 17. Bc3 Qe7 18. a4 Qd7 19. Re1 Bxb5 20. axb5 Qxb5 21. Ra5 Qb6 22. Qa4 Bxc3 23. bxc3 Nf6 24. Ra1 Qb2 25. Qa3 Qc2 26. f3 Rdb8 27. Qc1 Qd3 28. R5a2 Rb3 29. Rc2 Rab8 30. Kf2 Nd7 31. Bf1 Ne5 32.
Bxd3 Nxd3+ 33. Ke3 Nxc1 34. Rcxc1 R8b7 35. Kd3 Kg7 36. Rc2 f5 37. exf5 gxf5 38. Re1 Rb2 39.
Re6 c4+ 40. Kd2 Rxc2+ 41. Kxc2 Rd7 42. Kd2 a5 0-1

[Event "*** Titled Tuesday Blitz"]
[Site "Chess.com"]
[Date "2020.10.27"]
[Round "3"]
[White "Morshynska"]
[Black "shnitez"]
[Result "0-1"]
[WhiteElo "2204"]
[BlackElo "2427"]
[TimeControl "180+1"]
[EndTime "10:28:25 PDT"]
[Termination "shnitez won by resignation"]

1. Nf3 Nf6 2. g3 b6 3. Bg2 Bb7 4. O-O e6 5. d4 Be7 6. c4 O-O 7.
Re1 d5 8. cxd5 exd5 9. Nc3 Nbd7 10. Bf4 c5 11. Rc1 Ne4 12. Nd2 Nxc3 13. bxc3 Re8 14. e4 cxd4 15. cxd4 Bb4 16. Qa4 Bxd2 17. Bxd2 dxe4 18. Rc7 Qxc7 19. Bh3 Nf6 20. a3 Qc6 21. Qxc6 Bxc6 22. Bf4 Nd5 23. Bd6 Rad8 24. Be5 f6 25.
Bf4 Nxf4 26. gxf4 Rxd4 27. f5 Rd3 28. Bg2 Rxa3 29. h4 Ra5 30. Rc1 Rc5 31. Rd1 Rxf5 32.
Rd6 Rc5 33. Bh3 a5 34. Be6+ Kf8 35. h5 a4 36. Bg4 a3 37. Rd2 Bd5 38. Kh2 a2 39. Rd1 Ra8 40. Ra1 Bf7 41. h6 gxh6 42.
Be2 b5 43. Kg3 b4 44. Bd1 b3 45. Bxb3 Bxb3 46. Kf4 f5 47. f3 exf3 48. Kxf3 Rc2 49. Kf4 Rb2 50. Rg1 a1=Q 0-1

[Event "*** Titled Tuesday Blitz"]
[Site "Chess.com"]
[Date "2020.10.27"]
[Round "3"]
[White "Abdimalik_Abdisalimov"]
[Black "Bigfish1995"]
[Result "1/2-1/2"]
[WhiteElo "2755"]
[BlackElo "3016"]
[TimeControl "180+1"]
[EndTime "10:28:28 PDT"]
[Termination "Game drawn by repetition"]

1. d4 d5 2. c4 e6 3. Nc3 h6 4. cxd5 exd5 5. Nf3 c6 6. Qb3 Qe7 7. g3 Nf6 8. Bg2 Bf5 9. O-O Qb4 10. Qd1 Nbd7 11.
a3 Qb6 12. Na4 Qc7 13. Bf4 Bd6 14. e3 O-O 15. Rc1 a5 16. Qb3 Bxf4 17. gxf4 Rfe8 18.
Ne5 Rad8 19. Nc3 Qb8 20. Qa4 Qa8 21. Kh1 Nf8 22. b4 axb4 23. axb4 Ne4 24. Qxa8 Rxa8 25.
b5 Nd2 26. bxc6 bxc6 27. Rg1 Nb3 28. Rce1 Re6 29. Nxd5 cxd5 30. Bxd5 Rb8 31. e4 Bh7 32. f5 Rf6 33. Rb1 Rfb6 34. Nxf7 Nxd4 35. Nxh6+ Kh8 36. Nf7+ Kg8 37. Nh6+ Kh8 38. Nf7+ Kg8 39. Nh6+ 1/2-1/2

[Event "*** Titled Tuesday Blitz"]
[Site "Chess.com"]
[Date "2020.10.27"]
[Round "3"]
[White "ega2006"]
[Black "QuintilianoR"]
[Result "0-1"]
[WhiteElo "2359"]
[BlackElo "2677"]
[TimeControl "180+1"]
[EndTime "10:28:28 PDT"]
[Termination "QuintilianoR won by checkmate"]

1. e4 e6 2. d4 d5 3. Nc3 Nf6 4. e5 Nfd7 5. f4 c5 6. Nf3 Be7 7. Be3 b6 8. Be2 O-O 9. O-O Nc6 10. Qd2 f5 11. Nd1 cxd4 12. Nxd4 Nxd4 13. Bxd4 Nc5 14. Nf2 a5 15. Kh1 Kh8 16. Nd3 Ba6 17. Qe3 Qc7 18. Rg1 Ne4 19. c3 Bc5 20. Rac1 a4 21. g4 fxg4 22. Rxg4 Bc4 23. Nxc5 bxc5 24. Bxc4 cxd4 25.
cxd4 Rac8 26. Rgg1 Qb7 27. Bd3 Rxc1 28. Rxc1 Qxb2 29.
Bxe4 dxe4 30. a3 h6 31. Qc3 Qf2 32. d5 Qxf4 33. d6 e3 34. d7 Qf3+ 35. Kg1 Qf2+ 36. Kh1 e2 37. Qc5 Qf1+ 38. Qg1 Qf3+ 39. Qg2 Qe3 40. Qg1 Qe4+ 41. Qg2 e1=Q+ 42. Rxe1 Qxe1+ 43. Qg1 Qe4+ 44. Qg2 Rf1# 0-1

[Event "*** Titled Tuesday Blitz"]
[Site "Chess.com"]
[Date "2020.10.27"]
[Round "3"]
[White "Margency"]
[Black "KuzubovYuriy"]
[Result "0-1"]
[WhiteElo "2675"]
[BlackElo "2899"]
[TimeControl "180+1"]
[EndTime "10:28:29 PDT"]
[Termination "KuzubovYuriy won by checkmate"]

1. e4 c5 2. Nf3 Nc6 3. d4 cxd4 4.
Nxd4 Nf6 5. Nc3 e5 6. Ndb5 d6 7. Bg5 a6 8. Na3 b5 9. Nd5 Be7 10.
Bxf6 Bxf6 11. c4 b4 12. Nc2 O-O 13. g3 Bg5 14. h4 Bh6 15. Bh3 Be6 16. Kf1 Rb8 17.
b3 Qd7 18. Kg2 Kh8 19. Qd3 a5 20. Rad1 Rbd8 21. Bf5 Nb8 22. a3 bxa3 23. Nxa3 Na6 24. Nb5 Nc5 25. Qc2 Qb7 26. Rhe1 g6 27. Bxe6 fxe6 28.
Ndc3 Qb6 29. Na4 Nxa4 30. bxa4 Qc5 31. Rd3 Rf7 32. Red1 Bf8 33. f3 Rb7 34. Rc3 Rb6 35.
Rdd3 Rc6 36. Rd1 Kg8 37. Rdd3 Be7 38. Qd2 Kg7 39. Qc2 Kg8 40. Qb3 Kg7 41. Qa2 Rd7 42.
Rd2 Bd8 43. Rdd3 Bb6 44. Kh3 Qg1 45. Qg2 Qa1 46. Ra3 Qb1 47. Rab3 Qe1 48. Rbc3 Bc5 49. Rc2 h6 50. Qd2 Qf1+ 51. Kh2 Bg1+ 52. Kh1 Bf2+ 53. Kh2 Qg1+ 54. Kh3 Qxg3# 0-1

[Event "*** Titled Tuesday Blitz"]
[Site "Chess.com"]
[Date "2020.10.27"]
[Round "3"]
[White "crescentmoon2411"]
[Black "blitzking1729"]
[Result "1-0"]
[WhiteElo "2842"]
[BlackElo "2562"]
[TimeControl "180+1"]
[EndTime "10:28:29 PDT"]
[Termination "crescentmoon2411 won by checkmate"]

1. e4 Nf6 2. Nc3 d6 3. d4 e5 4.
dxe5 dxe5 5. Qxd8+ Kxd8 6. Bc4 Be6 7. Bxe6 fxe6 8. Nge2 Bd6 9. f3 Ke7 10. Be3 a6 11.
Nc1 Nc6 12. Nd3 Nd7 13. Ne2 h6 14. h4 b5 15. h5 a5 16. a4 b4 17. b3 Nd8 18.
O-O-O c5 19. Rd2 c4 20. bxc4 Nb7 21. Rhd1 Rac8 22. Nb2 Rhd8 23. Kb1 Bc5 24. Bxc5+ Nbxc5 25. Nc1 Nb6 26. Rxd8 Rxd8 27. Rxd8 Kxd8 28. Nb3 Ncxa4 29. Nxa4 Nxa4 30. Nxa5 Kc7 31. Kc1 Kb6 32. Nb3 Nc3 33. Kd2 Nb1+ 34. Kd3 Nc3 35. g3 Nd1 36. c5+ Kb5 37. f4 Nb2+ 38. Ke3 Na4 39. f5 exf5 40. exf5 Nxc5 41. Nxc5 Kxc5 42. g4 Kd5 43. g5 hxg5 44. f6 Ke6 45. fxg7 Kf7 46. h6 g4 47. Ke4 Kg8 48.
Kf5 Kh7 49. Kxg4 e4 50. Kf4 e3 51. Kxe3 Kg8 52. Ke4 Kh7 53. Kf5 Kg8 54. Kg6 b3 55.
h7# 1-0

[Event "*** Titled Tuesday Blitz"]
[Site "Chess.com"]
[Date "2020.10.27"]
[Round "3"]
[White "731291"]
[Black "RobPeresian"]
[Result "0-1"]
[WhiteElo "2622"]
[BlackElo "2427"]
[TimeControl "180+1"]
[EndTime "10:28:29 PDT"]
[Termination "RobPeresian won by resignation"]

1. e4 e5 2. Nf3 Nc6 3. Bb5 a6 4. Ba4 Nf6 5. O-O Be7 6. d3 b5 7. Bb3 O-O 8. Nc3 d6 9. a3 Nb8 10. Nd5 Nxd5 11. Bxd5 c6 12. Bb3 Nd7 13. c3 Nc5 14.
Bc2 Ne6 15. d4 Bf6 16. Re1 Bb7 17. Be3 Re8 18. Bb3 exd4 19. cxd4 c5 20. e5 dxe5 21. dxe5 Be7 22. Qe2 Bf8 23. Rad1 Qc7 24. h4 c4 25. Bc2 Bxf3 26. Qxf3 Qxe5 27. Bd2 Qxb2 28. Be4 Rad8 29.
Bc3 Qxa3 30. Rxd8 Rxd8 31. Bd5 b4 32. Bxe6 fxe6 33. Qb7 Qxc3 34. Rf1 Qf6 35. Qxa6 c3 36. Qc4 Qe7 37. h5 Qf7 38. h6 gxh6 39. Re1 e5 40.
Re3 Qxc4 0-1

[Event "*** Titled Tuesday Blitz"]
[Site "Chess.com"]
[Date "2020.10.27"]
[Round "3"]
[White "gixfantastix"]
[Black "Sanyura"]
[Result "0-1"]
[WhiteElo "2105"]
[BlackElo "2491"]
[TimeControl "180+1"]
[EndTime "10:28:30 PDT"]
[Termination "Sanyura won on time"]

1. d4 d5 2. f4 c5 3. e3 Nc6 4.
Nf3 Nf6 5. Bd3 Bg4 6. c3 Qb6 7. O-O g6 8. Nbd2 Bg7 9. Qe1 O-O 10. Qh4 cxd4 11. exd4 Rae8 12. Ne5 Bc8 13. Ndf3 Ne4 14.
Ng5 Nxg5 15. Nxc6 Ne4 16. Ne5 f6 17. Nf3 e5 18. fxe5 fxe5 19. Bh6 exd4 20. Bxg7 Kxg7 21. Nxd4 Qxb2 22. Rae1 Qxc3 23. Rxf8 Qxd4+ 24. Rf2 Rf8 25. Bxe4 dxe4 26. Rf1 Rxf2 27. Qxf2 Qxf2+ 28. Rxf2 Be6 29. Re2 Bd5 30. Kf2 Kf6 31. Ke3 Ke5 32. Rb2 b6 33.
a3 Bc6 34. Rf2 Bd5 35. Rf8 b5 36. Re8+ Kd6 37. Kd4 Bc6 38. Rh8 a5 39. Rxh7 b4 40.
axb4 axb4 41. Rg7 Be8 42. Kxe4 b3 43. Rb7 Bc6+ 44. Kd4 Bxb7 45. Kc3 Bd5 46. g4 Ke5 47. h4 Kf4 48. h5 g5 49. h6 Bg8 50. h7 Bxh7 51. Kxb3 Kxg4 52. Kc3 Kf3 53. Kd2 g4 54. Ke1 Bd3 55. Kd2 Ba6 56. Ke1 g3 57. Kd2 g2 0-1

[Event "*** Titled Tuesday Blitz"]
[Site "Chess.com"]
[Date "2020.10.27"]
[Round "3"]
[White "Ural_bogatyr"]
[Black "Yoshikrov"]
[Result "1/2-1/2"]
[WhiteElo "2353"]
[BlackElo "2123"]
[TimeControl "180+1"]
[EndTime "10:28:34 PDT"]
[Termination "Game drawn by repetition"]

1. e4 c5 2. Nf3 d6 3. d4 cxd4 4. Qxd4 Nc6 5. Bb5 Bd7 6. Bxc6 Bxc6 7. Nc3 e6 8. Bg5 Qc7 9. O-O-O a6 10. e5 d5 11. Nd2 Be7 12. h4 h6 13. Bxe7 Nxe7 14. g4 b5 15. f4 Bd7 16. f5 Nc6 17. Qc5 Rc8 18. Rhe1 Ne7 19. Qd4 Qc5 20. Nb3 Qxd4 21. Nxd4 Nc6 22. Nce2 Nxd4 23. Nxd4 Ke7 24. Rf1 Rhg8 25.
Rf4 g6 26. Rdf1 gxf5 27. gxf5 exf5 28. Nxf5+ Bxf5 29. Rxf5 Rg7 30. Rf6 h5 31. Rxa6 Rg2 32. c3 b4 33. Ra7+ Ke6 34. Rfxf7 Kxe5 35. Rh7 bxc3 36.
Rxh5+ Ke4 37. bxc3 Rxc3+ 38. Kb1 Rh3 39. Re7+ Kd4 40.
Re1 Rhh2 41. Rd1+ Kc4 42. Rhxd5 Rb2+ 43. Ka1 Rxa2+ 44. Kb1 Rhb2+ 45. Kc1 Rc2+ 46. Kb1 Rcb2+ 47. Kc1 Rc2+ 48. Kb1 Rcb2+ 1/2-1/2

[Event "*** Titled Tuesday Blitz"]
[Site "Chess.com"]
[Date "2020.10.27"]
[Round "3"]
[White "sara_khm"]
[Black "TigrVShlyape"]
[Result "0-1"]
[WhiteElo "2587"]
[BlackElo "2871"]
[TimeControl "180+1"]
[EndTime "10:28:35 PDT"]
[Termination "TigrVShlyape won by resignation"]

1. d4 Nf6 2. c4 g6 3. g3 Bg7 4. Bg2 d6 5. Nc3 O-O 6. Nf3 Nc6 7. O-O a5 8. d5 Nb8 9. Nd4 Na6 10. e4 e5 11. dxe6 fxe6 12. e5 dxe5 13. Nf3 e4 14.
Ng5 Nc5 15. Ncxe4 Nfxe4 16. Nxe4 Nd3 17. Qe2 Nxc1 18. Raxc1 Bd4 19. c5 e5 20. h4 h6 21.
Qc4+ Kg7 22. c6 b6 23. Rfd1 Bg4 24. Rd2 Qe7 25. Kh2 Be6 26. Qc2 Rad8 27. Re1 g5 28.
hxg5 hxg5 29. Nc3 Qf6 30. Kg1 Bf5 31. Be4 Bg4 32. Nb5 Rh8 33. Nxd4 exd4 34. Bg2 Bf5 35.
Qc4 d3 36. Qb5 Rhe8 37. Rc1 Qe5 38. Qxe5+ Rxe5 39. Bf1 Kf6 40. f3 g4 41. fxg4 Bg6 42. Kf2 Kg5 43. Rc3 Rf8+ 44. Kg2 Be4+ 45. Kg1 Rf3 46. Bg2 Rxg3 47. Kh2 Rxg2+ 48. Rxg2 Bxg2 49. Kxg2 Rd5 50. Rc1 Kxg4 51. Kf2 Kf4 52. Ke1 d2+ 0-1

[Event "*** Titled Tuesday Blitz"]
[Site "Chess.com"]
[Date "2020.10.27"]
[Round "3"]
[White "Beca95"]
[Black "mbojan"]
[Result "1/2-1/2"]
[WhiteElo "2917"]
[BlackElo "2714"]
[TimeControl "180+1"]
[EndTime "10:28:36 PDT"]
[Termination "Game drawn - insufficient material"]

1. b3 Nf6 2. Bb2 g6 3. c4 Bg7 4. g3 O-O 5. Bg2 c6 6. Nf3 d5 7.
d3 Bg4 8. Nbd2 Nbd7 9. O-O Bxf3 10. Nxf3 e6 11. Qc2 Re8 12. d4 b5 13. e3 Rb8 14.
Rab1 bxc4 15. bxc4 Qa5 16. a3 Ne4 17. Rfc1 Nb6 18.
Bf1 Qa4 19. Qxa4 Nxa4 20. Ba1 Nb6 21. c5 Nd7 22. Ba6 Rxb1 23. Rxb1 Rb8 24. Rc1 Kf8 25. Ne1 Rb3 26. Nc2 e5 27. Bc8 Ke7 28. Bxd7 Kxd7 29. dxe5 Bf8 30. Nd4 Rxa3 31. Rb1 Bxc5 32. Bb2 Ra6 33.
Rc1 Rb6 34. Ba1 Ba3 35. Rd1 Bb2 36. Bxb2 Rxb2 37. Ra1 Nxf2 38. Rxa7+ Kc8 39. Rxf7 Ng4 40. e6 Rb1+ 41. Kg2 Nxe3+ 42. Kf3 Re1 43. Rf8+ Kc7 44. e7 Nc2 45. Nxc2 Rxe7 46. Rf6 c5 47. Ne3 Rd7 48. Ke2 Rd6 49. Rf7+ Kc6 50. Rxh7 Re6 51. Kd2 c4 52. Nc2 Kc5 53. Rh4 Rf6 54. Rf4 Rxf4 55. gxf4 d4 56. h4 Kd5 57. f5 gxf5 58. h5 Ke5 59. Nxd4 Kf6 60. Nf3 Kg7 61. Nh4 Kh6 62. Nxf5+ Kxh5 63. Nd6 Kg4 64. Kc3 Kh3 65. Kxc4 1/2-1/2

[Event "*** Titled Tuesday Blitz"]
[Site "Chess.com"]
[Date "2020.10.27"]
[Round "3"]
[White "JoachimMouhamad"]
[Black "RU_B9"]
[Result "1-0"]
[WhiteElo "2286"]
[BlackElo "1723"]
[TimeControl "180+1"]
[EndTime "10:28:36 PDT"]
[Termination "JoachimMouhamad won on time"]

1. e4 c5 2. Nf3 Nc6 3. d4 cxd4 4. Nxd4 Nf6 5. Nc3 e5 6. Ndb5 d6 7. Bg5 a6 8. Na3 b5 9. Nd5 Be7 10. Bxf6 Bxf6 11. c3 O-O 12. Be2 Rb8 13. Nc2 Bg5 14. O-O f5 15. Bf3 f4 16. Qd3 Qd7 17. Rfd1 Kh8 18. Ncb4 Bd8 19. Nxc6 Qxc6 20. Nb4 Qc5 21. Qxd6 Qxd6 22. Rxd6 Be7 23. Rd2 Bxb4 24. cxb4 Be6 25. b3 Ra8 26. Rad1 g6 27. h3 a5 28. bxa5 Rxa5 29.
Bg4 Bxg4 30. hxg4 b4 31. Rc2 Rfa8 32. Rdd2 h6 33. Kf1 Kg7 34. Ke2 Kf6 35. f3 Kg5 36. Kd1 h5 37. gxh5 gxh5 38. Kc1 Kf6 39. Kb1 Rg8 40.
Rc6+ Kg5 41. Rc4 Rb5 42. Kb2 Kf6 43. Rc6+ Kg5 44. Rd5 Rgb8 45. Rcc5 Rxc5 46. Rxc5 Kh4 47. Rxe5 Kg3 48. Rg5+ Kf2 49. a3 h4 50. axb4 Rxb4 51.
Kc3 Rb8 52. b4 h3 53. gxh3 Kxf3 54. e5 1-0

[Event "*** Titled Tuesday Blitz"]
[Site "Chess.com"]
[Date "2020.10.27"]
[Round "3"]
[White "silverback96"]
[Black "UCantHandleDenker"]
[Result "0-1"]
[WhiteElo "2224"]
[BlackElo "2510"]
[TimeControl "180+1"]
[EndTime "10:28:38 PDT"]
[Termination "UCantHandleDenker won on time"]

1. d4 Nf6 2. c4 c5 3. d5 d6 4. Nc3 g6 5. Nf3 Bg7 6. g3 O-O 7. Bg2 e6 8. O-O exd5 9. cxd5 a6 10. a4 Nbd7 11. Bf4 Qc7 12. Rc1 Re8 13. b4 b6 14.
b5 Bb7 15. Nd2 Nh5 16. Be3 f5 17. Nc4 Ne5 18. Qb3 Nxc4 19. Qxc4 Rxe3 20. fxe3 Bh6 21. Rf3 Nf6 22. Rcf1 Qe7 23. e4 axb5 24. axb5 Nxe4 25.
Nxe4 fxe4 26. Rf7 Qxf7 27. Rxf7 Kxf7 28. Bh3 Be3+ 29. Kg2 Bd4 30. Qc2 Re8 31. Be6+ Rxe6 32. dxe6+ Kxe6 33. Kf1 Bd5 34. Qa4 c4 35. Qc2 e3 36. h4 Ke5 37. h5 Bf7 38. h6 d5 39.
g4 Be6 40. g5 c3 41. Qa2 Bf5 42. Qa3 c2 43. Qe7+ Kf4 0-1

[Event "*** Titled Tuesday Blitz"]
[Site "Chess.com"]
[Date "2020.10.27"]
[Round "3"]
[White "Natalya_Buksa"]
[Black "Onischuk_V"]
[Result "0-1"]
[WhiteElo "2552"]
[BlackElo "2784"]
[TimeControl "180+1"]
[EndTime "10:28:39 PDT"]
[Termination "Onischuk_V won by resignation"]

1. d4 d6 2. Nc3 g6 3. e4 Bg7 4. Bg5 h6 5. Bh4 Nc6 6. d5 Ne5 7. h3 c6 8. f4 Nd7 9. Bf2 cxd5 10. Qxd5 Bxc3+ 11. bxc3 Ngf6 12. Qd4 Qa5 13. Bd3 Nb8 14. Qb4 Nc6 15. Qxa5 Nxa5 16. Nf3 O-O 17. g4 b6 18. Bd4 Bb7 19. Nd2 Rac8 20. O-O Nd7 21.
c4 Ba6 22. Rf2 Nxc4 23. Nxc4 Bxc4 24. a4 Bxd3 25. cxd3 Nc5 26. Ra3 Rc7 27. Rb2 Rfc8 28. a5 bxa5 29. Kf2 Ne6 30. Be3 Rc2+ 31. Rxc2 Rxc2+ 32. Kf3 Nc5 33. d4 Nb7 34. Rb3 Rc7 35. h4 a4 36. Rb4 Na5 37. Rxa4 Nc4 38. d5 Nxe3 39. Kxe3 g5 40. fxg5 hxg5 41. h5 Kg7 42. Kd4 Kf6 43. Ra1 Rc2 44. Ke3 Rc3+ 45. Kd4 Rg3 46. Rxa7 Rxg4 47.
Ra1 Rh4 48. Rf1+ Kg7 49. h6+ Rxh6 50. Rf5 f6 51. Rf1 Rh4 52. Rg1 Kg6 53. Ke3 f5 54. exf5+ Kxf5 55. Rf1+ Ke5 56. Rf7 Re4+ 57. Kf3 Kxd5 58. Rf8 Rf4+ 59. Rxf4 0-1

[Event "*** Titled Tuesday Blitz"]
[Site "Chess.com"]
[Date "2020.10.27"]
[Round "3"]
[White "Rodalquilar"]
[Black "Dream2World_Number1"]
[Result "1-0"]
[WhiteElo "2752"]
[BlackElo "2073"]
[TimeControl "180+1"]
[EndTime "10:28:39 PDT"]
[Termination "Rodalquilar won by checkmate"]

1. d4 Nf6 2. Bf4 e6 3. e3 d5 4.
Nf3 Bd6 5. Bg3 O-O 6. c4 b6 7. cxd5 exd5 8. Nc3 Bb7 9. Qc2 a6 10. Be2 Nc6 11. O-O Bxg3 12. hxg3 Ne7 13. Rfd1 Ng6 14.
Ne5 Qe7 15. Qf5 Rfe8 16. Nxg6 hxg6 17. Qf4 Rac8 18. Rac1 Ne4 19. Nxe4 Qxe4 20. Bg4 f5 21. Bf3 Qxf4 22. gxf4 Kf7 23. g4 c6 24. b4 Rh8 25.
Kg2 Rh4 26. Kg3 Rch8 27. gxf5 gxf5 28. Bxd5+ Kf6 29. Bxc6 Bc8 30. Bf3 g5 31. Rc6+ Ke7 32. fxg5 Rh3+ 33. Kg2 Bd7 34. Rc7 Kd6 35. Rdc1 Rh2+ 36.
Kf1 Bb5+ 37. Ke1 R2h3 38. Be2 Rh1+ 39. Kd2 R1h2 40. Bxb5 axb5 41. Kd3 Kd5 42. R1c6 Rxf2 43. Rxb6 Rhh2 44. Rc5# 1-0

[Event "*** Titled Tuesday Blitz"]
[Site "Chess.com"]
[Date "2020.10.27"]
[Round "3"]
[White "Gabrielian_Artur"]
[Black "eCztery"]
[Result "1-0"]
[WhiteElo "2789"]
[BlackElo "2277"]
[TimeControl "180+1"]
[EndTime "10:28:39 PDT"]
[Termination "Gabrielian_Artur won by checkmate"]

1. e4 c5 2. Nc3 g6 3. d4 cxd4 4. Qxd4 Nf6 5. Nf3 Nc6 6. Qa4 d6 7. e5 dxe5 8. Nxe5 Bg7 9. Nxc6 bxc6 10. Be2 O-O 11. O-O e5 12. Qxc6 Rb8 13. Qc5 Bf5 14. Qxa7 Bxc2 15. a4 Ne4 16. Nxe4 Bxe4 17. Qe3 Bc6 18.
a5 Qd5 19. Bf3 e4 20. Rd1 Qe6 21. Be2 Rb3 22. Qc5 Bxb2 23. Bc4 Qf6 24. Bxb3 Bxa1 25.
Bh6 Ra8 26. a6 Be5 27. h3 Re8 28. a7 Ba8 29. Bd5 g5 30. Bxa8 Rxa8 31. Qd5 Qxh6 32. Qxa8+ Kg7 33. Qxe4 Qe6 34. Qxe5+ Qxe5 35. a8=Q Qe2 36.
Qd5 h5 37. Qxg5+ Kh7 38. Qf5+ Kg7 39. Qd3 Qe6 40. Qd4+ Kh7 41. Qd5 Qf6 42. Qxh5+ Kg7 43. Qg4+ Kh7 44. h4 Qh6 45. Rd5 Qc1+ 46. Kh2 Qc7+ 47. g3 f5 48. Rxf5 Qf7 49. Rxf7+ Kh8 50.
Qg7# 1-0

[Event "*** Titled Tuesday Blitz"]
[Site "Chess.com"]
[Date "2020.10.27"]
[Round "3"]
[White "GMBenjaminBok"]
[Black "oskariot"]
[Result "1/2-1/2"]
[WhiteElo "2937"]
[BlackElo "2723"]
[TimeControl "180+1"]
[EndTime "10:28:41 PDT"]
[Termination "Game drawn by repetition"]

1. d4 Nf6 2. c4 c5 3. Nf3 cxd4 4.
Nxd4 Nc6 5. Nc3 g6 6. g3 d6 7. Bg2 Bd7 8. O-O Bg7 9. b3 O-O 10. Nc2 Qa5 11. Bb2 Rfc8 12. Qd2 a6 13. Rfd1 Rab8 14.
Ne3 b5 15. Rac1 Qd8 16. Ncd5 Nxd5 17. Nxd5 Bxb2 18. Qxb2 bxc4 19. Rxc4 Ne5 20. Rxc8 Rxc8 21. Rc1 Bc6 22. b4 e6 23. Ne3 Bxg2 24. Kxg2 Rxc1 25. Qxc1 Qb6 26. a3 d5 27. Qc8+ Kg7 28. h3 d4 29. Nc4 Nxc4 30. Qxc4 e5 31. Qd5 Qb5 32. Qf3 f5 33. Kf1 e4 34. Qf4 Qc4 35. Qe5+ Kf7 36. g4 d3 37. exd3 exd3 38. Qd6 Qe4 39. Qd7+ Kf6 40.
Qd8+ Ke5 41. Qc7+ Kf6 42. Qd8+ Kg7 43. Kg1 Qe2 44. g5 d2 45. Qd7+ Kg8 46. Qd8+ Kf7 47. Qd7+ Kf8 48. Qd8+ Kf7 49. Qd7+ Kf8 50. Qd8+ Kf7 1/2-1/2